 Dungeon Crawl Stone Soup version 0.27-a0-1334-g2746e35aca (webtiles) character file.

Game seed: 8945666994935544401

66 Demosthentine the Poker (level 4, 0/34 HPs)
             Began as a Merfolk Gladiator on June 27, 2021.
             Killed from afar by Sigmund (3 damage)
             ... with a magic dart
             ... on level 2 of the Dungeon.
             The game lasted 00:02:11 (2418 turns).

Demosthentine the Poker (Merfolk Gladiator)         Turns: 2418, Time: 00:02:11

Health: 0/34       AC:  4    Str: 15    XL:     4   Next: 15%
Magic:  4/4        EV: 13    Int:  7    God:
Gold:   105        SH:  0    Dex: 15    Spells: 3/3 levels left

rFire    . . .     SeeInvis .   a - +0 trident
rCold    . . .     Faith    .   (no shield)
rNeg     . . .     Spirit   .   b - +0 leather armour
rPois    .         Reflect  .   c - +0 helmet
rElec    .         Harm     .   (no cloak)
rCorr    .         Rampage  .   (no gloves)
Will     .....                  (no boots)
Stlth    +.........             (no amulet)
HPRegen  0.11/turn              (no ring)
MPRegen  0.09/turn              (no ring)

@: no status effects
A: (nimble swimmer 2), mertail
a: no special abilities


You were on level 2 of the Dungeon.
You visited 1 branch of the dungeon, and saw 3 of its levels.

You collected 105 gold pieces.

Inventory:

Hand Weapons
 a - a +0 trident (weapon)
Missiles
 d - 2 throwing nets (quivered)
Armour
 b - a +0 leather armour (worn)
 c - a +0 helmet (worn)
Scrolls
 e - 2 scrolls of amnesia {unknown}
 g - a scroll of identify
 h - a scroll of brand weapon {unknown}
 i - a scroll of noise {unknown}
Potions
 f - a potion of cancellation


   Skills:
 + Level 2.9 Fighting
 + Level 5.2 Polearms
 - Level 2.0 Throwing
 + Level 1.1 Armour
 + Level 4.7 Dodging


You had 3 spell levels left.
You didn't know any spells.
Your spell library was empty.

Dungeon Overview and Level Annotations

Branches:
Dungeon (3/15)

Altars:
Vehumet

Shops:
D:2 :

Annotations:
D:2 Sigmund


Innate Abilities, Weirdness & Mutations

((You are quick and stealthy near water. (Stealth+, EV+, Speed+++)))
Your lower body shifts to a powerful aquatic tail in water.


Message History

Sigmund hits you but does no damage.
There is a stone staircase leading down here.
Sigmund gestures wildly while chanting.
Sigmund flickers and vanishes!
Deactivating autopickup; reactivate with Ctrl-A.
You hear some strange, mumbled words.
You are confused.
You're too confused to move!
You bump into the rock wall.
You bump into the rock wall.
You hear some strange, mumbled words.
A puff of flame appears from out of thin air!
The puff of flame hits you.
You bump into the rock wall.
You feel less confused. Something hits you! Something barely misses you.
Something completely misses you.
A magic dart appears from out of thin air!
The magic dart hits you.
There is a stone staircase leading down here.
You see here 2 throwing nets.
d - 2 throwing nets Something hits you.
* * * LOW HITPOINT WARNING * * *
Okay, then.
A puff of flame appears from out of thin air!
The puff of flame hits you.
* * * LOW HITPOINT WARNING * * *
A puff of flame appears from out of thin air!
The puff of flame hits you.
* * * LOW HITPOINT WARNING * * *
A puff of flame appears from out of thin air!
The puff of flame misses you.
Sigmund appears from thin air!
Reactivating autopickup.
Sigmund screams, "Die, monster!"
Sigmund gestures at you while chanting. The magic dart hits you.
You die...

.########.#.#.....#
...# #.#.#.#####
##.######.#.#.#
^.......#.#.#@#
.#........#.#.#
.#####.####.#.# .#
... #.# '####..###
#@#########
.......#
#...@.....#
...###.#
#########.#
......[. ######.#
...


You could see Sigmund.

Vanquished Creatures
  2 adders (D:2)
  2 worms (D:2)
  9 endoplasms
  3 goblins
  3 hobgoblins (D:1)
  4 kobolds
  5 quokkas
  3 ball pythons
  4 bats
  2 frilled lizards
  3 rats (D:2)
40 creatures vanquished.

Notes
Turn   | Place    | Note
-------+----------+-------------------------------------------
     0 | D:1      | Demosthentine the Merfolk Gladiator began the quest for the
                  | Orb.
     0 | D:1      | Reached XP level 1. HP: 16/16 MP: 1/1
   126 | D:1      | Reached XP level 2. HP: 23/23 MP: 2/2
   774 | D:1      | Reached XP level 3. HP: 28/28 MP: 3/3
  1030 | D:2      | Found Zorineps's Book Boutique.
  1043 | D:2      | Found a radiant altar of Vehumet.
  1427 | D:2      | Reached skill level 1 in Armour
  1763 | D:2      | Reached skill level 5 in Polearms
  1907 | D:2      | Reached XP level 4. HP: 22/34 MP: 4/4
  2165 | D:2      | Noticed Sigmund
  2397 | D:2      | HP: 1/34 [something/puff of flame (1)]
  2418 | D:2      | Killed from afar by Sigmund

Illustrated notes

Levels and vault maps discovered:
D:1:      ebering_hopf_link, layout_loops_corners
D:2:      layout_basic, serial_shops, shop, basic_altar, uniq_sigmund
D:3:      layout_rooms, serial_shops, shop_fountains

Skill      XL: |  1  2  3 |
---------------+----------+-----
Armour         | 1 |  1.1
Polearms       | 5 |  5.2
Fighting       | |  2.9
Throwing       | |  2.0
Dodging        | |  4.7

Action                   |  1- 3 |  4- 6 || total
-------------------------+-------+-------++-------
Melee: Trident           |   105 |    22 ||   127
Throw: Throwing net      |       |     3 ||     3
  Use: Scroll            |     4 |       ||     4
 Stab: Sleeping          |     5 |       ||     5
       Distracted        |       |     1 ||     1
Armor: Leather armour    |    17 |     7 ||    24
Dodge: Dodged            |    46 |    10 ||    56

Table legend: (Time is in decaauts)
 A = Elapsed time spent in this place.
 B = Non-inter-level travel time spent in this place.
 C = Inter-level travel time spent in this place.
 D = Time resting spent in this place.
 E = Time spent auto-exploring this place.
 F = Levels seen in this place.
 G = Mean time per level.
                   A        B        C        D        E       F      G
               +--------+--------+--------+--------+--------+-----+--------+
         Total |   2426 |   2327 |     99 |    100 |   1759 |   3 |  808.7 |
       Dungeon |   2426 |   2327 |     99 |    100 |   1759 |   3 |  808.7 |
               +--------+--------+--------+--------+--------+-----+--------+

Top non-repeatable levels by time:
     D:2: 1197 daAuts
     D:1: 1048 daAuts
     D:3: 180 daAuts
